 Dungeon Crawl Stone Soup version 0.24-a0-307-gf989941 (webtiles) character file.

Game seed: 7581831040286668941

774 galech the Chopper (level 7, -7/53 HPs)
             Began as a Demonspawn Fighter on May 13, 2019.
             Mangled by Edmund
             ... wielding a +4 flail of holy wrath
              (10 damage)
             ... on level 4 of the Dungeon.
             The game lasted 00:05:00 (4090 turns).

galech the Chopper (Demonspawn Fighter)             Turns: 4090, Time: 00:05:01

Health: -7/53      AC:  9    Str: 16    XL:     7   Next: 53%
Magic:  7/7        EV:  9    Int: 13    God:
Gold:   290        SH:  9    Dex: 14    Spells: 6/6 levels left

rFire    + + .     SeeInvis .   a - +0 war axe
rCold    + . .     Gourm    +   c - +0 shield
rNeg     . . .     Faith    .   C - +3 leather armour of Kaef Woe {Int+3}
rPois    .         Spirit   .   j - +0 helmet
rElec    .         Reflect  .   k - scarf {rC+ rF+}
rCorr    .         Harm     .   (no gloves)
MR       .....                  (no boots)
Stlth    +.........             h - amulet of the gourmand
HPRegen  0.17/turn              p - +3 ring of slaying
MPRegen  0.10/turn              z - ring of protection from fire

@: no status effects
A: claws 1, thin metallic scales 1
a: no special abilities


You were on level 4 of the Dungeon.
You were completely stuffed.

You visited 1 branch of the dungeon, and saw 5 of its levels.

You collected 290 gold pieces.

Inventory:

Hand Weapons
 a - a +0 war axe (weapon)
Armour
 b - a +0 scale mail
 c - a +0 shield (worn)
 j - a +0 helmet (worn)
 k - a scarf of resistance (worn)
 t - a +0 chain mail
 C - the +3 leather armour of Kaef Woe (worn) {Int+3}
   (You found it on level 4 of the Dungeon)

   It affects your intelligence (+3).
Jewellery
 h - an amulet of the gourmand (around neck)
 p - a +3 ring of slaying (left claw)
 u - an uncursed ring of resist corrosion
 z - a ring of protection from fire (right claw)
Wands
 d - a wand of paralysis (13)
 r - a wand of flame (13)
 y - a wand of iceblast (8)
 D - a wand of random effects (13)
Scrolls
 i - 4 scrolls of remove curse {unknown}
 l - 2 scrolls of identify {unknown}
 m - 2 scrolls of fog {unknown}
 q - a scroll of enchant weapon {unknown}
 s - a scroll of random uselessness {unknown}
 x - a scroll of fear {unknown}
Potions
 e - a potion of agility {unknown}
 n - 2 potions of haste {unknown}
 o - 2 potions of berserk rage {unknown}
 v - 2 potions of flight {unknown}
 w - a potion of degeneration {unknown}
 A - a potion of mutation {unknown}
 B - a potion of brilliance {unknown}
 E - 2 potions of curing {unknown}
Comestibles
 f - 13 rations


   Skills:
 + Level 3.9 Fighting
 + Level 5.9 Axes
 + Level 3.9 Armour
 + Level 1.5 Dodging
 + Level 1.1 Stealth
 + Level 3.8 Shields


You had 6 spell levels left.
You didn't know any spells.
Your spell library was empty.

Dungeon Overview and Level Annotations

Branches:
Dungeon (5/15)
 Temple: D:4-7

Altars:
Ashenzari
Cheibriados
Ru
Wu Jian

Annotations:
D:4 Edmund


Innate Abilities, Weirdness & Mutations

You have sharp fingernails.
You are partially covered in thin metallic scales. (AC +2)


Message History

Edmund says, "What use are spells, anyway?"
Edmund grinds his teeth, and then sighs.
You barely miss Edmund.
Edmund is lightly wounded.
Edmund completely misses you.
You hit Edmund.
Edmund is moderately wounded.
Edmund hits you with a +4 flail of holy wrath!
You convulse.
* * * LOW HITPOINT WARNING * * *
You block Edmund's attack.
You slash Edmund!
Edmund is heavily wounded.
Edmund closely misses you.
You hit Edmund but do no damage.
Edmund is heavily wounded.
Edmund hits you with a +4 flail of holy wrath!
* * * LOW HITPOINT WARNING * * *
You convulse!
You die...

##..##.### #.<#.............##...
#......<.###.##.............###..
#......#.....##.............###..
#..#...###..................#....
#......####......................
#.##.#....#####............###...
#......##.......#................
....)..######.#.#................
.......## ###.#@@....#####......[
........###.......####.......###.
................###......#.### ##
.......#..#...###...####.#.##
.........#..#.##..###....#..#
#........#....#..##...#..#..#
.......#.....##.##.(..#.##..#
..###.##.....#..#....##.#)..#
..###.......<#.##...##..#.###


You could see Edmund.

Vanquished Creatures
  An ogre (D:5)
  2 howler monkeys (D:4)
  A centaur zombie (D:4)
  A quasit (D:5)
  3 orc priests
  A hound (D:4)
  A gnoll shaman (D:4)
  An iguana (D:4)
  3 orc wizards
  A worker ant (D:4)
  Ijyb (D:4)
  8 gnolls (D:4)
  6 adders
  2 adder skeletons (D:4)
  2 worms
  A dart slug (D:2)
  2 leopard geckos
  12 orcs
  4 giant cockroaches
  14 goblins
  9 hobgoblins
  A quokka (D:3)
  3 ball pythons
  7 bats
  5 frilled lizards
  9 kobolds
  10 rats
111 creatures vanquished.

Notes
Turn   | Place    | Note
-------+----------+-------------------------------------------
     0 | D:1      | galech the Demonspawn Fighter began the quest for the Orb.
     0 | D:1      | Reached XP level 1. HP: 18/18 MP: 1/1
   190 | D:1      | Reached skill level 2 in Axes
   190 | D:1      | Gained mutation: You have sharp fingernails. [demonic
                  | ancestry]
   190 | D:1      | Reached XP level 2. HP: 23/24 MP: 2/2
   793 | D:2      | Reached XP level 3. HP: 23/29 MP: 3/3
   988 | D:2      | Found a faded altar of an unknown god.
  1268 | D:2      | Reached skill level 3 in Axes
  1268 | D:2      | Reached XP level 4. HP: 31/35 MP: 4/4
  1446 | D:3      | Reached skill level 1 in Dodging
  1860 | D:3      | Found a shattered altar of Ashenzari.
  1863 | D:3      | Found an ornate altar of the Wu Jian Council.
  2158 | D:3      | Found a sacrificial altar of Ru.
  2167 | D:3      | Reached XP level 5. HP: 37/41 MP: 5/5
  2364 | D:4      | Reached skill level 4 in Axes
  2376 | D:4      | Gained mutation: You are partially covered in thin metallic
                  | scales. (AC +2) [demonic ancestry]
  2376 | D:4      | Reached XP level 6. HP: 14/47 MP: 6/6
  2677 | D:4      | Reached skill level 5 in Axes
  2834 | D:4      | Found a snail-covered altar of Cheibriados.
  2938 | D:4      | Got a transparent leather armour
  2949 | D:4      | Identified the +3 leather armour of Kaef Woe {Int+3} (You
                  | found it on level 4 of the Dungeon)
  3028 | D:4      | Noticed Ijyb
  3036 | D:4      | Killed Ijyb
  3036 | D:4      | Reached XP level 7. HP: 53/53 MP: 7/7
  3086 | D:5      | Entered Level 5 of the Dungeon
  3442 | D:5      | Reached skill level 1 in Stealth
  3453 | D:5      | HP: 1/53 [orc priest/divine providence (11)]
  3951 | D:5      | Noticed Edmund
  4090 | D:4      | Mangled by Edmund

Levels and vault maps discovered:
D:1:      lordsloth_arrival_two_stooges, layout_basic, serial_glass,
          glass_columns_a, glass_columns_b, glass_columns_c, glass_columns_a,
          chequers_serial_rivers_marsh
D:2:      layout_loops_ring, chequers_ecumenical_altar_simple_redux
D:3:      layout_basic, gammafunk_temple_overflow_statue,
          nicolae_ru_great_annihilating_truth, first_ration,
          kennysheep_flooded_box
D:4:      minmay_evil_eye, layout_rooms, nicolae_overflow_crystal_walls,
          uniq_ijyb
D:5:      layout_basic, minmay_temple_entry_drinking_statues, uniq_edmund

Skill      XL: |  1  2  3  4  5  6  7 |
---------------+----------------------+-----
Axes           | 2 3 4 5 |  5.9
Armour         | 3 |  3.9
Shields        | 3 |  3.8
Dodging        | 1 |  1.5
Stealth        | 1 |  1.1
Fighting       | |  3.9

Action                   |  1- 3 |  4- 6 |  7- 9 || total
-------------------------+-------+-------+-------++-------
Melee: War axe           |   135 |   158 |    51 ||   344
  Use: Potion            |       |     1 |       ||     1
 Stab: Paralysed         |       |     2 |       ||     2
       Sleeping          |       |       |     1 ||     1
  Eat: Chunk             |    15 |     6 |     3 ||    24
Armor: Scale mail        |    69 |       |       ||    69
       Chain mail        |       |    95 |       ||    95
       Leather armour    |       |     3 |    12 ||    15
Dodge: Dodged            |    54 |    41 |    13 ||   108
Block: Shield            |    64 |   100 |    19 ||   183

Table legend:
 A = Non-vault XP
 B = Vault XP
 C = Vault XP percentage of total XP
 D = Non-vault monster count
 E = Vault monster count
 F = Vault count percentage of total count
                 A         B        C        D         E       F
            +---------+---------+-------+---------+---------+-------
      Total |    1031 |      76 |   6.9 |     105 |       6 |   5.4
            +---------+---------+-------+---------+---------+-------
        D:1 |      38 |       0 |   0.0 |      24 |       0 |   0.0
        D:2 |      63 |       0 |   0.0 |      22 |       0 |   0.0
        D:3 |      69 |      40 |  36.7 |      23 |       4 |  14.8
        D:4 |     516 |      36 |   6.5 |      26 |       2 |   7.1
        D:5 |     345 |       0 |   0.0 |      10 |       0 |   0.0
            +---------+---------+-------+---------+---------+-------
